 Dungeon Crawl Stone Soup version 0.31.0-11-ge490571c62 (webtiles) character file.

Game seed: 17163207464797793157

85 qw the Shooter (level 4, -1/22 HPs)
             Began as a Spriggan Hunter on Feb 3, 2024.
             Slain by an adder (2 damage)
             ... on level 3 of the Dungeon.
             The game lasted 00:00:04 (1213 turns).

qw the Shooter (Spriggan Hunter)                    Turns: 1213, Time: 00:00:05

Health: -1/22      AC:  2    Str:  7    XL:     4   Next: 25%
Magic:  5/5        EV: 20    Int: 10    God:
Gold:   58         SH:  0    Dex: 20    Spells: 3/3 levels left

rFire   . . .        a - +0 shortbow
rCold   . . .        (shield currently unavailable)
rNeg    . . .        c - +0 robe
rPois   .            (helmet restricted)
rElec   .            (no cloak)
rCorr   .            (gloves unavailable)
SInv    +            (boots unavailable)
Will    .....        (no amulet)
Stlth   ++           (no ring)
HPRegen 0.23/turn    (no ring)
MPRegen 0.09/turn

%: no passive effects
@: lethally poisoned (-1 -> -2), very quick
A: very small, no large weapons, unfitting armour, see invisible, speed 3
a: no special abilities


You were on level 3 of the Dungeon.
You visited 1 branch of the dungeon, and saw 3 of its levels.

You collected 58 gold pieces.


Innate Abilities, Weirdness & Mutations

You are very small and have problems with some larger weapons.
You are too small for most types of armour.
You have supernaturally acute eyesight. (SInv)
You cover ground extremely quickly. (Speed+++)


   Skills:
 - Level 1.5 Fighting
 - Level 5.0 Ranged Weapons
 + Level 4.6 Dodging
 - Level 1.5 Stealth


You had 3 spell levels left.
You didn't know any spells.
Your spell library was empty.

Inventory:

Hand Weapons
 a - a +0 shortbow (weapon)
Armour
 c - a +0 robe (worn)
Potions
 b - a potion of curing {unknown}
 f - a potion of mutation {unknown}
 h - 2 potions of might

Dungeon Overview and Level Annotations

Branches:
Dungeon (3/15)

Altars:

Shops:
D:1 (


Message History

You kill the quokka!
You shoot an arrow. The arrow closely misses the adder.
The adder bites you.
You are poisoned.
The adder poisons you!
You shoot an arrow. The arrow closely misses the adder.
You feel sick. The adder misses you. The hobgoblin hits you.
The adder barely misses you.
You shoot an arrow. The arrow hits the adder!
The adder is almost dead.
You feel sick. The hobgoblin completely misses you. The adder misses you.
You shoot an arrow. The arrow barely misses the adder.
The arrow closely misses the kobold.
You feel sick. The adder completely misses you.
The hobgoblin closely misses you. The adder bites you but does no damage.
The hobgoblin closely misses you.
You shoot an arrow. The arrow misses the adder.
The arrow hits the kobold.
The kobold is severely wounded.
You feel sick.
You are no longer poisoned.
The adder bites you but does no damage. The hobgoblin misses you.
You shoot an arrow. The arrow barely misses the adder.
The arrow completely misses the kobold.
The adder bites you. The hobgoblin misses you. The adder closely misses you.
You shoot an arrow. The arrow closely misses the adder.
The arrow closely misses the kobold.
The adder bites you. The hobgoblin closely misses you.
You shoot an arrow. The arrow closely misses the adder.
The arrow hits the kobold.
You kill the kobold!
The adder bites you. The hobgoblin completely misses you. The adder bites you.
You are lethally poisoned!
The adder poisons you!
You shoot an arrow. The arrow barely misses the adder.
You feel sick. The hobgoblin closely misses you. The adder closely misses you.
You shoot an arrow.
The arrow hits the adder but does no damage.
The adder is severely wounded.
You feel sick. The adder bites you.
You die...

.. #.##
#%.. #.!#
#..# #.)# #
##gS#.#
#..@..#
##<.#......
+.#:# .#.##
+..... ..
###.#.....
.......#.
#.# #..#
..# ..# ##
.#


You could see an adder and a hobgoblin.

Vanquished Creatures
  4 adders (D:2)
  A dart slug (D:2)
  A ribbon worm (D:2)
  2 bats (D:1)
  3 endoplasms
  A giant cockroach (D:2)
  6 goblins
  4 hobgoblins
  4 jackals (D:1)
  2 kobolds
  2 quokkas
  6 ball pythons
  4 frilled lizards
  4 rats
44 creatures vanquished.

Notes
Turn   | Place    | Note
-------+----------+-------------------------------------------
     0 | D:1      | qw the Spriggan Hunter began the quest for the Orb.
     0 | D:1      | Reached XP level 1. HP: 10/10 MP: 2/2
     0 | D:1      | 0 ||| qw: Version: 0.3-a-158-g18b3111
     0 | D:1      | 0 ||| qw: Game counter: 4134
     0 | D:1      | 0 ||| qw: Melee chars always use a shield: true
     0 | D:1      | 0 ||| qw: God list: Okawaru
     0 | D:1      | 0 ||| qw: Allow faded altars: false
     0 | D:1      | 0 ||| qw: Do Orc after clearing Dungeon:15 true
     0 | D:1      | 0 ||| qw: Do second Lair branch before Depths: true
     0 | D:1      | 0 ||| qw: Lair rune preference: random
     0 | D:1      | 0 ||| qw: Goals: Normal
     0 | D:1      | 0 ||| PLANNING D:1-11
    45 | D:1      | Reached skill level 3 in Dodging
   102 | D:1      | Reached XP level 2. HP: 14/14 MP: 3/3
   200 | D:1      | Found Irateofu's Weapon Shoppe.
   208 | D:1      | 208 ||| SHOPLISTING +0 arbalest "Joaxziga" {antimagic,
                  | Int+2} (247 gold, have 13).
   356 | D:1      | Reached XP level 3. HP: 18/18 MP: 4/4
   562 | D:1      | 562 ||| READING scroll labelled UPSUKO REDOAQOM.
   563 | D:1      | 563 ||| READING 3 scrolls labelled GUESHR MOSU.
   563 | D:1      | 563 ||| IDENTIFYING 2 ruby potions
   564 | D:1      | 564 ||| READING 2 scrolls of identify.
   564 | D:1      | 564 ||| IDENTIFYING scroll labelled DERRUL GYVAT
   565 | D:1      | 565 ||| READING scroll of identify.
   565 | D:1      | 565 ||| IDENTIFYING scroll labelled DISIZX SUUPP
   566 | D:1      | 566 ||| READING scroll labelled UDIRYWAFUU.
   567 | D:1      | 567 ||| DROPPING scroll of butterflies.
   568 | D:1      | 568 ||| DROPPING scroll of poison.
   569 | D:1      | 569 ||| DROPPING scroll of noise.
   803 | D:2      | Reached skill level 5 in Ranged Weapons
   840 | D:2      | Reached XP level 4. HP: 22/22 MP: 5/5
  1183 | D:2      | 1183 ||| READING scroll labelled ALESATEDUI.
  1184 | D:2      | 1184 ||| READING scroll labelled MISOCU SAMATO.
  1211 | D:3      | HP: 5/22 [adder (3)]
  1212 | D:3      | HP: 2/22 [poisoned by an adder]
  1213 | D:3      | Slain by an adder

Levels and vault maps discovered:
D:1:      onia_arrival_pentagram, layout_loops_ring, serial_shops,
          nicolae_shop_bloodbath_and_beyond
D:2:      layout_basic
D:3:      layout_basic, kennysheep_generic_room_5

Skill      XL: |  1  2  3 |
---------------+----------+-----
Dodging        | 3 4 |  4.6
Ranged Weapons | 5 |  5.0
Fighting       | |  1.5
Stealth        | |  1.5

Action                     |  1- 3 |  4- 6 || total
---------------------------+-------+-------++-------
   Fire: Shortbow          |    90 |    40 ||   130
    Use: Scroll            |     5 |     2 ||     7
 Armour: Robe              |     4 |    12 ||    16
  Dodge: Dodged            |    19 |    25 ||    44

Table legend:
 A = Non-vault XP
 B = Vault XP
 C = Vault XP percentage of total XP
 D = Non-vault monster count
 E = Vault monster count
 F = Vault count percentage of total count
                 A         B        C        D         E       F
            +---------+---------+-------+---------+---------+-------
      Total |     122 |       0 |   0.0 |      44 |       0 |   0.0
            +---------+---------+-------+---------+---------+-------
        D:1 |      43 |       0 |   0.0 |      25 |       0 |   0.0
        D:2 |      74 |       0 |   0.0 |      16 |       0 |   0.0
        D:3 |       5 |       0 |   0.0 |       3 |       0 |   0.0
            +---------+---------+-------+---------+---------+-------
